 Dungeon Sprint DCSS version 0.32-a0-683-ge26c5dbc97 (webtiles) character file.

Game seed: 5056360964496514727

18 Revguard the Trooper (level 2, -4/33 HPs)
             Began as a Troll Monk on Mar 12, 2024.
             Was a Believer of Wu Jian.
             Slain by an air elemental (10 damage)
             ... in the Dungeon (Sprint V: "Ziggurat Sprint").
             The game lasted 00:01:47 (93 turns).

Revguard the Trooper (Troll Monk)                     Turns: 93, Time: 00:01:48

Health: -4/33      AC: 19    Str: 30    XL:     2   Next: 51%
Magic:  1/1        EV:  7    Int:  6    God:    Wu Jian [**....]
Gold:   0          SH:  0    Dex: 12    Spells: 1/1 levels left

rFire   . . .        D - +10 dark maul {heavy}
rCold   . . .        (shield currently unavailable)
rNeg    . . .        d - +5 shadow dragon scales
rPois   .            (helmet restricted)
rElec   .            (no cloak)
rCorr   .            (gloves unavailable)
SInv    .            (boots unavailable)
Will    .....        (no amulet)
Stlth   ++           B - +6 ring of strength
HPRegen 1.05/turn    C - +6 ring of strength
MPRegen 0.07/turn

%: no teleportation
@: no status effects
A: large, unfitting armour, claws 3, regeneration 1, shaggy fur 1, tough skin 1
a: Renounce Religion, Wall Jump


You were in the Dungeon.
You worshipped Wu Jian.
Wu Jian was pleased with you.
You visited 1 branch

Inventory:

Hand Weapons
 a - a +0 mace
 D - the +10 dark maul (weapon) {heavy}
   (You found it in the Dungeon)
Armour
 b - a +0 robe
 d - +5 shadow dragon scales (worn)
Jewellery
 n - the amulet "Aghezid" {*Slow RegenMP+ Int+6}
   (You found it in the Dungeon)

   [amulet of magic regeneration]

   It increases your rate of magic regeneration.
   Int+6:     It affects your intelligence (+6).
   *Slow:     It may slow you when you take damage.
   RegenMP+:  It increases your rate of magic regeneration.
 w - a ring of flight
 x - a +6 ring of dexterity
 y - a +6 ring of dexterity
 z - a +6 ring of intelligence
 A - a +6 ring of intelligence
 B - a +6 ring of strength (left claw)
 C - a +6 ring of strength (right claw)
Wands
 t - a wand of mindburst (7)
 u - a wand of iceblast (6)
 v - a wand of light (7)
Scrolls
 j - 4 scrolls of blinking
 p - 4 scrolls of amnesia
 q - 7 scrolls of fog
 r - 5 scrolls of identify
 s - 2 scrolls of fear
Potions
 c - a potion of ambrosia
 e - 10 potions of curing
 f - 8 potions of heal wounds
 g - 6 potions of haste
 h - 7 potions of magic
 i - 3 potions of berserk rage
 k - 2 potions of brilliance
 l - 2 potions of invisibility
 m - 4 potions of resistance
 o - 5 potions of might


   Skills:
 * Level 4.5 Fighting
 + Level 3.9 Maces & Flails
 + Level 2.3 Armour
 + Level 3.5 Dodging
 + Level 2.0 Evocations


You had one spell level left.
You didn't know any spells.
Your spell library was empty.

Dungeon Overview and Level Annotations

Branches:
Dungeon (1/1)

Altars:
Ashenzari
Cheibriados
Dithmenos
Elyvilon
Fedhas
Gozag
Hepliaklqana
Kikubaaqudgha
Makhleb
Nemelex Xobeh
Okawaru
Qazlal
Ru
Sif Muna
Trog
Uskayaw
Vehumet
Wu Jian
Xom
Yredelemnul
Zin
The Shining One
Beogh
Jiyva
Lugonu

Annotations:
D 1 transporter


Innate Abilities, Weirdness & Mutations

You are too large for most types of armour.
You have claws for hands.
Your natural rate of healing is unusually fast.
You are covered in fur. (AC +1)
You have tough skin. (AC +1)


Message History

The air elemental hits you but does no damage.
The air elemental hits you!
* * * LOW HITPOINT WARNING * * *
The air elemental fires a burst of electricity at you.
The stunning burst hits you.
You suddenly lose the ability to move!
* * * LOW HITPOINT WARNING * * *
The air elemental hits you but does no damage.
The air elemental hits you.
* * * LOW HITPOINT WARNING * * *
You can move again.
You feel much better.
The air elemental fires a burst of electricity at you.
The stunning burst hits you!
You shrug off the repeated paralysis!
The air elemental hits you but does no damage. x2
The air elemental fires a burst of electricity at you.
The stunning burst misses you.
The air elemental hits you but does no damage.
The air elemental closely misses you.
The air elemental completely misses you.
The air elemental hits you.
The air elemental hits you but does no damage.
Aiming: Iceblast
Press: ? - help, Shift-Dir - straight line
Okay, then.
Press: ? - help, v - describe, . - travel
Here: an air elemental The floor, spattered with blood.
Aiming: Iceblast
Press: ? - help, Shift-Dir - straight line The mass of ice explodes!
The iceblast engulfs the air elemental!
The air elemental is heavily damaged.
The iceblast engulfs you but does no damage.
The iceblast engulfs the air elemental!
The air elemental is heavily damaged.
The iceblast engulfs the air elemental!
The air elemental is moderately damaged.
The air elemental hits you! x2
* * * LOW HITPOINT WARNING * * *
The air elemental closely misses you. The air elemental hits you!
You die...

▓▓▓▓▓▓▓▓▓▓▓▓▓
▓.ß©ß.▓.ß©ß.▓
▓.))=.▓.....▓
▓.....▓.)...▓
▓..E@.▓.....▓
▓..EE.▓.....▓
▓.....▓..©..▓
▓..©..▓▓▓▓▓▓▓
▓▓▓▓▓▓▓


You could see 3 air elementals.

Vanquished Creatures
  An adder (D)
  A ball python (D)
2 creatures vanquished.

Notes
Turn   | Place    | Note
-------+----------+-------------------------------------------
     0 | D        | Revguard the Troll Monk began the quest for the Orb.
     0 | D        | Reached XP level 1. HP: 22/22 MP: 0/0
     0 | D        | Found a blossoming altar of Fedhas.
     0 | D        | Found the +6 Majin-Bo {spellvamp, MP+6 Int+6}
     0 | D        | Found the +27 heavy crossbow "Sniper" {heavy, Acc+∞ SInv}
     0 | D        | Found the +10 dark maul {heavy}
     0 | D        | Found the +15 Maxwell's patent armour {-Cast -Tele rElec
                  | Will+ rCorr}
     0 | D        | Found the +18 shield of the Gong {Loud rN+ Will+ rCorr
                  | EV-5}
     0 | D        | Found the +16 obsidian axe {drain, demonic, Mesm ^Drain Fly
                  | SInv}
     0 | D        | Found the +7 great mace "Firestarter" {flame, immolate,
                  | rFlCloud rF++}
     0 | D        | Found the +6 shillelagh "Devastator" {shatter}
     0 | D        | Found the +11 plutonium sword {^Contam Stlth-}
     0 | D        | Found the +8 lance "Wyrmbane" {slay drac, rPois rF+ rC+
                  | AC+3}
     0 | D        | Found the +9 sword of Zonguldrok {reap}
     0 | D        | Found the +13 scythe of Curses {drain, curses, ^Drain}
     0 | D        | Found the +9 sword of Power {lifebolt}
     0 | D        | Found the +7 mace of Variability {chaos, chaos arc}
     0 | D        | Found the +11 Singing Sword {sonic wave}
     0 | D        | Found the +8 storm bow {elec, penet}
     1 | D        | Found a shimmering blue altar of Sif Muna.
     1 | D        | Found a sacrificial altar of Ru.
     1 | D        | Found a bloodstained altar of Trog.
     1 | D        | Found a stormy altar of Qazlal.
     1 | D        | Found an iron altar of Okawaru.
     1 | D        | Found a sparkling altar of Nemelex Xobeh.
     3 | D        | Found a transporter.
     3 | D        | Found an ancient bone altar of Kikubaaqudgha.
     3 | D        | Found a viscous altar of Jiyva.
     3 | D        | Found a corrupted altar of Lugonu.
     3 | D        | Found a hazy altar of Hepliaklqana.
     3 | D        | Found a burning altar of Makhleb.
     3 | D        | Found an opulent altar of Gozag.
    47 | D        | Reached skill level 4 in Fighting
    47 | D        | Reached skill level 1 in Evocations
    47 | D        | Reached XP level 2. HP: 33/33 MP: 1/1
    60 | D        | Became a worshipper of the Wu Jian Council
    60 | D        | Reached * piety under Wu Jian
    60 | D        | Reached ** piety under Wu Jian
    73 | D        | Entered arena 2.
    73 | D        | Found a transporter.
    79 | D        | Got the amulet "Aghezid" {*Slow RegenMP+ Int+6}
    86 | D        | Entered arena 3.
    86 | D        | Noticed an air elemental
    86 | D        | Noticed an air elemental
    86 | D        | Noticed an air elemental
    86 | D        | Found a transporter.
    86 | D        | Paralysed by an air elemental for 1 turns
    88 | D        | Paralysed by an air elemental for 1 turns
    91 | D        | Paralysed by an air elemental for 1 turns
    93 | D        | Slain by an air elemental

Illustrated notes

Levels and vault maps discovered:
D:        sprint_v [room_start, room_1, room_2, room_3, room_4, room_5, room_6,
          room_7, room_8, room_9, room_10, room_11, room_12, room_13, room_14,
          room_15, room_16, room_17, room_18, room_19, room_20, room_21,
          room_22, room_23, room_24, room_25, room_26, room_27]

Skill      XL: |  1  2 |
---------------+-------+-----
Fighting       | 4 |  4.5
Maces & Flails | 3 |  3.9
Armour         | 2 |  2.3
Dodging        | 3 |  3.5
Evocations     | 1 2 |  2.0

Action                     || total
---------------------------++-------
  Melee: Maul              ||     2
Ability: Lunge             ||     1
         Whirlwind         ||     1
  Evoke: Wand              ||     1
    Use: Potion            ||     3
   Stab: Sleeping          ||     1
 Armour: Shadow dragon sca ||    27
  Dodge: Dodged            ||     7

Table legend: (Time is in decaauts)
 A = Elapsed time spent in this place.
 B = Non-inter-level travel time spent in this place.
 C = Inter-level travel time spent in this place.
 D = Time resting spent in this place.
 E = Time spent auto-exploring this place.
 F = Levels seen in this place.
 G = Mean time per level.
                   A        B        C        D        E       F      G
               +--------+--------+--------+--------+--------+-----+--------+
         Total |     91 |     91 |      0 |      0 |      0 |   1 |   91.0 |
       Dungeon |     91 |     91 |      0 |      0 |      0 |   1 |   91.0 |
               +--------+--------+--------+--------+--------+-----+--------+

Top non-repeatable levels by time:
       D: 91 daAuts
